 Dungeon Crawl Stone Soup version 0.25-a0-1078-gea6e5d949a (webtiles) character file.

Game seed: 17450961244657269485, levelgen mode: deterministic

195 RaHiT the Ducker (level 5, -1/28 HPs)
             Began as a Spriggan Berserker on May 15, 2020.
             Was a Priest of Trog.
             Slain by a centaur (5 damage)
             ... on level 4 of the Dungeon.
             The game lasted 00:21:49 (3895 turns).

RaHiT the Ducker (Spriggan Berserker)               Turns: 3895, Time: 00:21:50

Health: -1/28      AC:  2    Str: 13    XL:     5   Next: 45%
Magic:  17/17      EV: 23    Int:  8    God:    Trog [***...]
Gold:   151        SH:  0    Dex: 17    Spells: 4/4 levels left

rFire    . . .     SeeInvis +   s - +0 trident
rCold    . . .     Gourm    .   (shield currently unavailable)
rNeg     . . .     Faith    .   b - +0 animal skin
rPois    .         Spirit   .   (helmet restricted)
rElec    .         Reflect  .   (no cloak)
rCorr    .         Harm     .   (gloves unavailable)
MR       ++...                  (boots unavailable)
Stlth    ++........             (no amulet)
HPRegen  1.09/turn              d - ring of magical power
MPRegen  0.15/turn              (no ring)

@: regenerating, very quick
A: very small, unfitting armour, see invisible, herbivore, speed 3, slow
metabolism 2
a: Berserk, Trog's Hand, Renounce Religion


You were on level 4 of the Dungeon.
You worshipped Trog.
Trog was most pleased with you.
You were not hungry.

You visited 1 branch of the dungeon, and saw 4 of its levels.

You collected 151 gold pieces.

Inventory:

Hand Weapons
 a - a +0 spear
 f - a +1 dagger of protection
 h - a +0 hunting sling
 s - a +0 trident (weapon)
Missiles
 l - 65 sling bullets
 m - 151 stones (quivered)
 t - 48 bolts
Armour
 b - a +0 animal skin (worn)
Jewellery
 d - a ring of magical power (left hand)
Wands
 q - a wand of acid (5)
Scrolls
 e - a scroll of teleportation
 g - 2 scrolls of remove curse
 j - 3 scrolls of identify {unknown}
 k - a scroll of random uselessness {unknown}
 p - 2 scrolls of enchant weapon {unknown}
 u - a scroll of noise {unknown}
Potions
 i - 3 potions of curing {unknown}
 n - a potion of haste {unknown}
 o - a potion of resistance {unknown}
 r - a potion of invisibility {unknown}
 v - a potion of lignification {unknown}
 w - a potion of heal wounds {unknown}
Comestibles
 c - 4 rations


   Skills:
 - Level 3.0 Fighting
 - Level 2.1 Polearms
 * Level 7.7 Dodging
 + Level 2.8 Evocations


You had 4 spell levels left.
You didn't know any spells.
Your spell library was empty.

Dungeon Overview and Level Annotations

Branches:
Dungeon (4/15)
 Temple: D:4-7

Altars:
Okawaru
Vehumet

Annotations:
D:3 exclusion: downstairs
D:4 Pikel


Innate Abilities, Weirdness & Mutations

You are very small and have problems with some larger weapons.
You are too small for most types of armour.
You have supernaturally acute eyesight. (SInv)
You are a herbivore.
You cover ground extremely quickly.
You need to consume almost no food.


Message History

The centaur closely misses you. The centaur barely misses you.
You hit the centaur but do no damage.
The centaur is heavily wounded.
The centaur completely misses you. The centaur hits you.
You barely miss the centaur.
The centaur is heavily wounded.
The centaur completely misses you.
You hit the centaur but do no damage.
The centaur is moderately wounded.
The centaur barely misses you.
The centaur hits you but does no damage.
You hit the centaur.
The centaur is heavily wounded.
The centaur hits you!
* * * LOW HITPOINT WARNING * * *
The centaur closely misses you.
Your skin crawls.
You feel resistant to hostile enchantments.
You feel quite a bit more hungry. The centaur hits you.
You die...

##..#########.#
##'###...###
#..........+
#.c........#
#..........#
##..##.##..#
##..##.##..#
+....c[)...#
#.....@(<..#
######.##.(#
#####+#


You could see a centaur.

Vanquished Creatures
  An iguana (D:3)
  Robin (D:2)
  6 adders
  A gnoll (D:2)
  An adder skeleton (D:2)
  2 dart slugs (D:1)
  2 worms (D:3)
  2 leopard geckos
  2 orcs
  8 bats
  2 giant cockroaches
  7 hobgoblins
  7 jackals (D:3)
  A quokka (D:2)
  A ball python (D:3)
  6 frilled lizards
  16 goblins
  5 kobolds
  8 rats
79 creatures vanquished.

Notes
Turn   | Place    | Note
-------+----------+-------------------------------------------
     0 | D:1      | RaHiT the Spriggan Berserker began the quest for the Orb.
     0 | D:1      | Reached XP level 1. HP: 11/11 MP: 2/2
   221 | D:1      | Reached skill level 5 in Dodging
   255 | D:1      | Reached XP level 2. HP: 14/16 MP: 3/3
   628 | D:1      | Reached ** piety under Trog
  1108 | D:2      | Reached XP level 3. HP: 19/19 MP: 4/4
  1277 | D:2      | Noticed Robin
  1333 | D:2      | Reached skill level 6 in Dodging
  1458 | D:2      | Found an iron altar of Okawaru.
  1464 | D:2      | Reached skill level 1 in Evocations
  1704 | D:2      | Reached XP level 4. HP: 12/24 MP: 5/5
  1910 | D:2      | Killed Robin
  2538 | D:3      | Reached *** piety under Trog
  2625 | D:3      | Reached skill level 7 in Dodging
  2878 | D:3      | Reached XP level 5. HP: 28/28 MP: 7/7
  3629 | D:3      | Found a radiant altar of Vehumet.
  3682 | D:4      | Noticed Pikel
  3682 | D:4      | Noticed a slave
  3682 | D:4      | Noticed a slave
  3682 | D:4      | Noticed a slave
  3682 | D:4      | Noticed a slave
  3682 | D:4      | Noticed a centaur
  3895 | D:4      | Slain by a centaur

Illustrated notes

Levels and vault maps discovered:
D:1:      lightli_arrival_maybe_door_vault, layout_basic
D:2:      layout_basic, okawaru_trees_2, first_ration, minmay_unequal,
          uniq_robin
D:3:      layout_basic, marbit_many_paths
D:4:      layout_gridville, minmay_shop_grid_forest, uniq_pikel, uniq_eustachio

Skill      XL: |  1  2  3  4 |
---------------+-------------+-----
Dodging        | 5 6 7 |  7.7
Evocations     | 1 2 |  2.8
Fighting       | 3 |  3.0
Polearms       | |  2.1

Action                   |  1- 3 |  4- 6 || total
-------------------------+-------+-------++-------
Melee: Spear             |   172 |    23 ||   195
       Trident           |       |   145 ||   145
Throw: Stone             |    19 |    60 ||    79
Invok: Trog's Hand       |       |     1 ||     1
Evoke: Wand              |       |     1 ||     1
  Use: Scroll            |     2 |       ||     2
 Stab: Sleeping          |     1 |     2 ||     3
  Eat: Ration            |       |     1 ||     1
Armor: Animal skin       |    14 |     5 ||    19
Dodge: Dodged            |   108 |    93 ||   201

Table legend:
 A = Non-vault XP
 B = Vault XP
 C = Vault XP percentage of total XP
 D = Non-vault monster count
 E = Vault monster count
 F = Vault count percentage of total count
                 A         B        C        D         E       F
            +---------+---------+-------+---------+---------+-------
      Total |     222 |      57 |  20.4 |      63 |      16 |  20.3
            +---------+---------+-------+---------+---------+-------
        D:1 |      37 |       0 |   0.0 |      21 |       0 |   0.0
        D:2 |      62 |      54 |  46.6 |      15 |      15 |  50.0
        D:3 |     120 |       3 |   2.4 |      26 |       1 |   3.7
        D:4 |       3 |       0 |   0.0 |       1 |       0 |   0.0
            +---------+---------+-------+---------+---------+-------
